 Dungeon Crawl Stone Soup version 0.28-a0-479-g5baa6b73be (webtiles) character file.

Game seed: 14556110663568498639

194 Dabor the Conjurer (level 5, -2/38 HPs)
             Began as a Demigod Conjurer on Sept 18, 2021.
             Slain by Grinder (8 damage)
             ... while paralysed by Grinder
             ... on level 3 of the Dungeon.
             The game lasted 00:06:58 (3818 turns).

Dabor the Conjurer (Demigod Conjurer)               Turns: 3818, Time: 00:06:59

Health: -2/38      AC:  2    Str:  8    XL:     5   Next: 20%
Magic:  1/11       EV:  2    Int: 24    God:
Gold:   85         SH:  0    Dex: 12    Spells: 6/9 levels left

rFire   + . .      SeeInvis .   c - +0 short sword (freeze)
rCold   + . .      Faith    .   (no shield)
rNeg    . . .      Spirit   .   a - +0 robe
rPois   .          Reflect  .   (no helmet)
rElec   .          Harm     .   h - scarf {rC+ rF+}
rCorr   .          Rampage  .   (no gloves)
Will    .....                   (no boots)
Stlth   ++........              (no amulet)
HPRegen 0.12/turn               (no ring)
MPRegen 0.12/turn               (no ring)

@: paralysed
A: high mp 1, forlorn
a: no special abilities


You were on level 3 of the Dungeon.
You visited 1 branch of the dungeon, and saw 3 of its levels.
You also visited: Sewer.

You collected 140 gold pieces.
You spent 55 gold pieces at shops.

Inventory:

Hand Weapons
 c - a +0 short sword of freezing (weapon)
Missiles
 g - a throwing net
Armour
 a - a +0 robe (worn)
 h - a scarf of resistance (worn)
Jewellery
 d - a +4 ring of protection
 s - a ring of willpower
Wands
 l - a wand of flame (13)
Scrolls
 f - 2 scrolls of blinking {unknown}
 o - a scroll of fear {unknown}
 r - a scroll of immolation {unknown}
 t - a scroll of identify
 u - a scroll of enchant weapon {unknown}
Potions
 b - 4 potions of brilliance {unknown}
 e - 3 potions of resistance
 i - a potion of curing {unknown}
 j - a potion of degeneration {unknown}
 k - 2 potions of mutation {unknown}
 m - a potion of heal wounds {unknown}
 n - a potion of cancellation {unknown}
 p - a potion of might {unknown}
 q - a potion of haste {unknown}


   Skills:
 + Level 2.8 Dodging
 - Level 2.0 Stealth
 + Level 2.7 Spellcasting
 + Level 4.2 Conjurations
 * Level 2.5 Hexes


You had 6 spell levels left.
You knew the following spells:

 Your Spells              Type           Power      Damage    Failure   Level
a - Magic Dart            Conj           92%        1d7       1%          1
b - Searing Ray           Conj           46%        2d6       3%          2

Your spell library contained the following spells:

 Spells                   Type           Power      Damage    Failure   Level
 Dazzling Flash           Conj/Hex       38%        N/A       9%          3
 Fulminant Prism          Conj/Hex       9%         3d7       26%         4
 Frozen Ramparts          Ice            6%         1d2       32%         3
 Iskenderun's Mystic Bla  Conj/Tloc      13%        2d5       43%         4
 Ice Form                 Ice/Tmut       3%         N/A       73%         4
 Summon Ice Beast         Ice/Summ       3%         N/A       73%         4


Dungeon Overview and Level Annotations

Branches:
Dungeon (3/15)              Sewer (visited)

Shops:
D:1 *

Annotations:
D:2 Sigmund
D:3 Grinder


Innate Abilities, Weirdness & Mutations

Your attributes grow dramatically as you level up.
You have an increased reservoir of magic. (+10% MP)
You shall have no god before yourself.


Message History

Casting: Magic Dart (safe; 1% risk of failure)
Confirm with . or Enter, or press ? or * to list all spells.
You can't see any susceptible monsters within range! (Use Z to cast anyway.) Grinder blinks!
Casting: Magic Dart (safe; 1% risk of failure)
Confirm with . or Enter, or press ? or * to list all spells.
Aiming: Magic Dart (safe; 1% risk of failure)
Press: ? - help, Shift-Dir - straight line, f/p - Grinder
Aim: Grinder (heavily wounded, 100% to hit)
The magic dart hits Grinder but does no damage.
Grinder is heavily wounded.
There is a stone staircase leading up here.
Casting: Magic Dart (safe; 1% risk of failure)
Confirm with . or Enter, or press ? or * to list all spells.
Aiming: Searing Ray (safe; 3% risk of failure)
Press: ? - help, Shift-Dir - straight line, f/p - Grinder
Aim: Grinder (heavily wounded, 75% to hit)
The searing ray hits Grinder.
Grinder is severely wounded. (Press . to maintain the ray.) Grinder says, "You look like you could use a good racking."
Grinder blinks!
The searing ray hits Grinder.
Grinder is severely wounded.
Grinder hits you!
* * * LOW HITPOINT WARNING * * *
You writhe in agony.
* * * LOW HITPOINT WARNING * * *
The searing ray hits Grinder.
Grinder is severely wounded.
Grinder gestures at you.
You struggle to resist.
The searing ray misses Grinder.
You finish channelling your searing ray.
Grinder gestures at you.
You suddenly lose the ability to move!
Grinder hits you.
* * * LOW HITPOINT WARNING * * *
Grinder hits you!
You die...

#.....# ######
#...).######### .....#
#.............# .....#
#.....#######.# .....#
#.......#...#.#
.....###.....#.#.....#
..[.................>#
.....###........5..#.#
....)# #.#.#...#@..#.#
###### #.#.##.##.###.#
#.#....##.....#
#.############# ######
#.# .....# #.# ####.#
#.# #.# #.# #.# #.#


You could see Grinder.

Vanquished Creatures
  Terence (D:2)
  Ijyb (D:3)
  6 adders
  2 river rats (Sewer)
  2 worms (D:3)
  A dart slug (D:2)
  An orc (D:3)
  4 ball pythons
  4 endoplasms (Sewer)
  2 giant cockroaches
  4 goblins
  7 hobgoblins
  2 jackals (D:1)
  15 kobolds
  A quokka (D:3)
  4 bats
  2 frilled lizards (D:1)
  12 rats
71 creatures vanquished.

Vanquished Creatures (others)
  4 fungi (D:2)
  A plant (D:2)
5 creatures vanquished.

Grand Total: 76 creatures vanquished

Notes
Turn   | Place    | Note
-------+----------+-------------------------------------------
     0 | D:1      | Dabor the Demigod Conjurer began the quest for the Orb.
     0 | D:1      | Reached XP level 1. HP: 14/14 MP: 5/5
   250 | D:1      | Found Poro's General Store.
   541 | D:1      | Reached XP level 2. HP: 20/20 MP: 4/7
   544 | D:1      | Learned a level 2 spell: Searing Ray
   971 | D:1      | Bought a scroll of teleportation for 33 gold pieces
   971 | D:1      | Bought a scroll of identify for 22 gold pieces
  1229 | D:2      | Noticed Sigmund
  1796 | D:2      | Reached skill level 1 in Hexes
  1796 | D:2      | Reached XP level 3. HP: 26/26 MP: 3/8
  2134 | D:2      | Noticed Terence
  2145 | D:2      | Killed Terence
  2463 | D:3      | Noticed Ijyb
  2471 | D:3      | Killed Ijyb
  2472 | D:3      | Reached skill level 4 in Conjurations
  2472 | D:3      | Reached XP level 4. HP: 26/33 MP: 1/10
  2607 | D:3      | Found a glowing drain.
  2624 | Sewer    | Entered a sewer
  3334 | D:3      | Reached XP level 5. HP: 38/38 MP: 6/11
  3750 | D:3      | Noticed Grinder
  3816 | D:3      | Paralysed by Grinder for 7 turns
  3818 | D:3      | Slain by Grinder

Illustrated notes

Levels and vault maps discovered:
D:1:      tarquinn_simple_flora_water_c, layout_loops_ring, serial_shops, shop
D:2:      layout_basic, shapermc_ecumenical_altar_ellora,
          serial_co_window_serial, co_window_of_opportunity_a,
          co_window_of_opportunity_a, co_window_corner_a, co_window_corner_a,
          co_window_paths_b, co_window_paths_a, co_window_corner_a,
          co_window_paths_a, co_window_corner_a, co_window_corner_cb,
          co_window_unsneaky_path_d, co_window_unsneaky_path_c,
          co_window_paths_d, uniq_sigmund, uniq_terence
D:3:      layout_basic, gup_sewer_entry_spiral, uniq_ijyb, uniq_robin,
          uniq_grinder

Skill      XL: |  1  2  3  4 |
---------------+-------------+-----
Stealth        | 2 |  2.0
Dodging        | 2 |  2.8
Spellcasting   | 2 |  2.7
Hexes          | 1 2 |  2.5
Conjurations   | 4 |  4.2

Action                   |  1- 3 |  4- 6 || total
-------------------------+-------+-------++-------
Melee: Short sword       |    23 |    23 ||    46
 Cast: Magic Dart        |    62 |    60 ||   122
       Searing Ray       |     4 |    12 ||    16
  Use: Scroll            |     3 |       ||     3
 Stab: Sleeping          |       |     2 ||     2
Armor: Robe              |     1 |     4 ||     5
Dodge: Dodged            |    16 |    19 ||    35

Table legend: (Time is in decaauts)
 A = Elapsed time spent in this place.
 B = Non-inter-level travel time spent in this place.
 C = Inter-level travel time spent in this place.
 D = Time resting spent in this place.
 E = Time spent auto-exploring this place.
 F = Levels seen in this place.
 G = Mean time per level.
                   A        B        C        D        E       F      G
               +--------+--------+--------+--------+--------+-----+--------+
         Total |   3930 |   3767 |    163 |    506 |   2439 |   4 |  982.5 |
       Dungeon |   3202 |   3039 |    163 |    347 |   2083 |   3 | 1067.3 |
         Sewer |    727 |    727 |      0 |    159 |    356 |   1 |  727.0 |
               +--------+--------+--------+--------+--------+-----+--------+

Top non-repeatable levels by time:
     D:2: 1428 daAuts
     D:1: 1016 daAuts
     D:3: 758 daAuts
   Sewer: 727 daAuts
